Map: Tokamak LE

Players

炸酥肉 - Winner!

  • Race: Protoss Protoss
  • League: Master

INOVATION

  • Race: Terran Terran
  • League: Grandmaster

VOD

Have the link to the VOD?

Description

Time

  • Played on: Oct. 22, 2025, 8 a.m.
  • Length: 11:28
Show
View Real Time Build Order
Export as new Build Order

炸酥肉 Protoss - Winner!

Build Orders: 1 Gate Expand, Blink Stalkers 

Get SALT Encoding   

  12  0:00  Probe  
  13  0:12  Probe  
  14  0:19  Pylon  
  14  0:24  Probe  
  15  0:35  Probe  
  15  0:38  Gateway  
  16  0:43  Probe  
  16  0:49  Assimilator  
  17  0:52  Probe  
  18  1:04  Probe  
  19  1:16  Probe  
  20  1:32  Nexus  
  20  1:37  Cybernetics Core  
  20  1:40  Probe  
  21  1:48  Assimilator  
  21  1:51  Pylon  
  21  1:54  Probe  
  22  2:01  Stalker  
  22  2:06  Probe  
  25  2:16  Warp Gate  
  25  2:18  Probe  
  26  2:30  Adept, Probe  
  29  2:42  Twilight Council, Probe  
  29  2:43  Probe  
  30  2:50  Probe  
  31  2:55  Blink, Probe  
  33  3:00  Sentry, Probe  
  36  3:07  Probe  
  36  3:12  Probe  
  38  3:19  Probe  
  39  3:25  Gateway  
  39  3:27  Gateway  
  39  3:28  Probe  
  39  3:31  Probe  
  41  3:40  Probe  
  42  3:43  Probe  
  42  3:45  Pylon  
  42  3:54  Probe  
  43  3:59  Nexus, Pylon  
  43  4:00  Probe  
  44  4:07  Probe  
  45  4:12  Probe  
  45  4:14  Pylon  
  46  4:17  Stalker  
  46  4:19  Probe  
  49  4:27  Robotics Facility  
  49  4:28  Forge  
  49  4:30  Stalker  
  51  4:32  Probe  
  51  4:34  Stalker  
  54  4:40  Stalker  
  54  4:42  Probe  
  58  4:45  Probe  
  58  4:53  Stalker  
  58  4:54  Probe  
  58  4:57  Probe  
  62  5:00  Protoss Ground Weapons Level 1  
  62  5:06  Probe  
  63  5:07  Charge  
  63  5:12  Stalker x2  
  63  5:13  Probe  
  68  5:18  Probe  
  68  5:20  Gateway x2  
  69  5:28  Probe  
  70  5:33  Probe  
  70  5:35  Probe  
  72  5:40  Gateway  
  72  5:42  Gateway  
  72  5:47  Gateway  
  72  5:52  Gateway  
  72  5:54  Gateway  
  72  5:56  Probe x2  
  74  5:57  Probe  
  74  6:01  Pylon  
  75  6:05  Zealot x2  
  75  6:08  Probe x2  
  75  6:09  Probe  
  75  6:10  Pylon  
  82  6:13  Sentry  
  82  6:14  Warp Prism  
  84  6:19  Pylon  
  84  6:20  Probe x2  
  84  6:23  Probe  
  89  6:30  Pylon  
  89  6:32  Probe x2  
  90  6:34  Stalker x2  
  90  6:35  Probe  
  90  6:39  Pylon  
  95  6:44  Probe  
  95  6:46  Shield Battery  
  96  6:54  Zealot x6  
  96  6:56  Pylon  
  96  6:57  Protoss Ground Armor Level 1  
  96  6:59  Probe  
  109  7:15  Zealot x2  
  109  7:16  Zealot x7  
  109  7:19  Pylon  
  127  7:24  Probe  
  127  7:25  Pylon  
  128  7:34  Robotics Bay  
  128  7:37  Zealot x5  
  128  7:40  Observer  
  123  7:52  Zealot x5  
  117  8:00  Zealot x5  
  121  8:16  Nexus  
  113  8:20  Pylon  
  113  8:21  Zealot x4  
  113  8:22  Zealot x2  
  113  8:23  Observer  
  116  8:45  Zealot x4  
  116  8:46  Zealot x6  
  116  8:47  Gravitic Drive  
  134  8:50  Protoss Ground Weapons Level 2  
  126  9:07  Zealot x9  
  136  9:13  Probe  
  136  9:15  Robotics Facility  
  136  9:16  Probe  
  137  9:20  Probe  
  138  9:25  Observer  
  138  9:26  Probe  
  140  9:31  Probe  
  141  9:38  Zealot x2  
  141  9:41  Extended Thermal Lance  
  142  9:45  Nexus  
  142  9:46  Probe  
  142  9:48  Robotics Facility  
  142  9:49  Colossus  
  143  9:56  Probe  
  148  10:11  Probe  
  141  10:14  Assimilator  
  141  10:15  Pylon  
  141  10:16  Assimilator, Zealot x7  
  141  10:17  Zealot x3  
  141  10:20  Assimilator, Colossus  
  161  10:23  Assimilator  
  161  10:32  Probe  
  161  10:33  Probe x2  
  161  10:34  Probe  
  171  10:44  Probe  
  171  10:49  Photon Cannon  
  172  10:50  Shield Battery  
  172  10:52  Shield Battery  
  172  10:53  Zealot x4  
  180  11:02  Sentry, Zealot x5  
  160  11:22  Zealot x5  
Show
View Real Time Build Order
Export as new Build Order

INOVATION Terran 

Build Orders: Reaper Expand 

Get SALT Encoding   

  12  0:00  SCV  
  13  0:16  SCV  
  13  0:18  Supply Depot  
  14  0:28  SCV  
  15  0:40  Barracks  
  15  0:41  SCV  
  16  0:45  Refinery  
  16  0:53  SCV  
  17  1:05  SCV  
  18  1:19  SCV  
  19  1:32  Reaper, Orbital Command  
  20  1:44  Command Center  
  20  1:51  Supply Depot  
  20  1:58  SCV  
  21  2:03  Marine  
  22  2:10  SCV  
  22  2:14  Factory  
  23  2:18  Bunker  
  23  2:22  SCV  
  24  2:25  Refinery  
  24  2:27  Barracks Reactor  
  24  2:34  SCV  
  25  2:46  SCV  
  26  2:57  Orbital Command  
  26  2:59  Hellion  
  26  3:00  Starport  
  26  3:01  SCV  
  26  3:04  Marine x2  
  31  3:13  SCV  
  32  3:21  Widow Mine  
  32  3:22  Marine x2  
  32  3:23  SCV  
  32  3:25  SCV  
  38  3:34  Supply Depot  
  38  3:35  SCV  
  38  3:37  Medivac, SCV  
  42  3:42  Widow Mine  
  42  3:43  Marine  
  42  3:45  Marine  
  46  3:51  Barracks  
  46  3:55  SCV x2  
  48  3:56  Supply Depot  
  48  4:03  Factory Tech Lab  
  48  4:05  Marine x2  
  48  4:07  SCV x2  
  48  4:08  Starport Tech Lab  
  51  4:18  Supply Depot  
  51  4:19  SCV x2  
  51  4:23  Barracks  
  53  4:24  Siege Tank  
  53  4:25  Marine  
  53  4:27  Raven  
  53  4:29  Marine  
  60  4:31  SCV  
  60  4:33  SCV  
  60  4:37  Supply Depot  
  62  4:40  Marine  
  62  4:41  Refinery  
  62  4:44  SCV  
  64  4:45  SCV  
  65  4:55  Marine x2  
  65  4:56  SCV  
  65  4:57  SCV  
  65  4:58  Siege Tank  
  72  5:03  Refinery  
  72  5:04  Engineering Bay  
  72  5:08  SCV  
  72  5:10  SCV  
  72  5:13  Marine x2  
  76  5:20  SCV  
  77  5:28  Supply Depot x2  
  77  5:30  Command Center  
  77  5:31  Terran Infantry Weapons Level 1, Stimpack  
  77  5:35  SCV  
  78  5:36  SCV  
  78  5:37  Marauder, Marine x2  
  83  5:45  Combat Shield  
  83  5:46  Marauder  
  83  5:47  SCV  
  83  5:48  Starport Reactor, Factory Reactor  
  86  5:54  Supply Depot  
  86  5:56  Marine x2  
  88  6:00  Marauder  
  90  6:07  Marauder  
  92  6:15  Marine x2  
  94  6:21  Supply Depot, Marauder  
  94  6:22  SCV x2  
  98  6:26  Medivac x2  
  98  6:27  Barracks  
  98  6:28  Barracks  
  98  6:30  Marauder  
  98  6:32  Widow Mine  
  106  6:33  Widow Mine  
  106  6:35  Marine  
  106  6:36  Marine  
  110  6:41  SCV x2  
  110  6:44  Supply Depot  
  112  6:53  SCV  
  113  6:55  Marauder, Marine x2, Widow Mine x2  
  113  6:58  Medivac x2  
  113  6:59  Marine  
  126  7:01  SCV  
  126  7:06  Supply Depot, Orbital Command  
  127  7:12  SCV  
  127  7:13  SCV  
  127  7:14  Ghost Academy  
  129  7:15  Barracks Tech Lab  
  129  7:16  Barracks Reactor  
  129  7:18  Marauder  
  131  7:24  Marine  
  131  7:25  Terran Infantry Armor Level 1  
  131  7:27  Supply Depot, SCV  
  131  7:29  SCV  
  134  7:31  Viking  
  134  7:35  Viking, SCV  
  139  7:39  Supply Depot  
  139  7:40  Supply Depot  
  139  7:42  SCV  
  139  7:43  SCV  
  141  7:44  Ghost  
  119  7:53  Ghost  
  119  7:58  Ghost  
  104  8:03  Marine x2  
  104  8:05  Marine  
  103  8:06  SCV  
  103  8:08  SCV  
  103  8:11  SCV  
  103  8:12  Viking  
  107  8:18  Marine  
  107  8:19  Marauder, SCV  
  104  8:21  SCV  
  104  8:25  SCV  
  106  8:31  SCV, Orbital Command  
  106  8:33  SCV, Marauder, Marine  
  106  8:34  Marine  
  96  8:44  Marauder  
  96  8:48  Marauder, Marine x2  
  94  8:50  Viking  
  94  8:54  Marine x2  
  94  8:55  Marauder  
  94  9:04  Orbital Command  
  94  9:05  Marauder  
  94  9:06  Marine x2  
  94  9:09  Marauder  
  94  9:12  Marine  
  94  9:14  Marine  
  94  9:16  Marauder  
  98  9:19  SCV  
  98  9:22  Starport Reactor  
  99  9:24  SCV  
  99  9:30  Marine  
  99  9:31  Marine, Marauder, SCV  
  104  9:35  Marine x2  
  107  9:39  SCV  
  107  9:42  Marauder  
  110  9:45  Marine  
  110  9:48  SCV  
  110  9:50  SCV  
  110  9:51  SCV  
  112  9:55  Marauder  
  111  10:04  Marine x2  
  111  10:05  Marauder  
  111  10:06  Medivac  
  113  10:07  Medivac  
  113  10:14  Marauder  
  113  10:16  Marauder  
  113  10:19  Marine x2  
  119  10:22  SCV  
  119  10:23  SCV  
  119  10:26  Widow Mine  
  123  10:29  Widow Mine, SCV  
  123  10:32  Marauder, Marine  
  123  10:34  SCV, Marine  
  131  10:36  Medivac  
  131  10:37  Marauder  
  131  10:40  SCV  
  131  10:42  Orbital Command  
  137  10:45  Refinery  
  137  10:46  SCV  
  135  10:52  SCV  
  135  10:53  Marauder  
  135  10:55  Marauder  
  136  11:01  Marauder  
Tags
 
Add a new tag
Caveats
  • Supply blocks, unpowered buildings, or Contaminate may cause inaccurate times.
  • Supply counts are checked every 10 seconds.